 Dungeon Crawl Stone Soup version 0.29-a0-901-g46a8461d6a (webtiles) character file.

Game seed: 5773059462122089255

66 gruber the Shooter (level 3, -1/18 HPs)
             Began as a Spriggan Hunter on July 24, 2022.
             Engulfed by a cloud of flame (12 damage)
             ... on level 3 of the Dungeon.
             The game lasted 00:01:32 (1752 turns).

gruber the Shooter (Spriggan Hunter)                Turns: 1752, Time: 00:01:33

Health: -1/18      AC:  3    Str:  7    XL:     3   Next: 96%
Magic:  4/4        EV: 17    Int: 12    God:
Gold:   85         SH:  0    Dex: 18    Spells: 2/2 levels left

rFire   . . .      SeeInvis +   a - +0 shortbow
rCold   . . .      Faith    .   (shield currently unavailable)
rNeg    . . .      Spirit   .   c - +0 robe
rPois   .          Reflect  .   (helmet restricted)
rElec   .          Harm     .   g - +0 cloak
rCorr   .          Rampage  .   (gloves unavailable)
Will    .....                   (boots unavailable)
Stlth   ++........              (no amulet)
HPRegen 0.06/turn               (no ring)
MPRegen 0.09/turn               (no ring)

@: very quick
A: very small, no large weapons, unfitting armour, see invisible, speed 3
a: no special abilities


You were on level 3 of the Dungeon.
You visited 1 branch of the dungeon, and saw 3 of its levels.

You collected 85 gold pieces.

Inventory:

Hand Weapons
 a - a +0 shortbow (weapon)
Armour
 c - a +0 robe (worn)
 g - a +0 cloak (worn)
Wands
 u - a wand of paralysis (13)
Scrolls
 b - 2 scrolls of immolation
 d - a scroll of vulnerability {unknown}
 e - a scroll of fog {unknown}
 i - 2 scrolls of poison {unknown}
 k - a scroll of enchant weapon {unknown}
 l - a scroll of fear {unknown}
 n - a scroll of identify {unknown}
 o - a scroll of noise {unknown}
 q - a scroll of teleportation {unknown}
 t - 3 scrolls of enchant armour {unknown}
Potions
 f - a potion of heal wounds {unknown}
 h - a potion of cancellation {unknown}
 j - a potion of brilliance {unknown}
 m - a potion of magic {unknown}
 p - a potion of curing {unknown}
 r - a potion of invisibility {unknown}
 s - 2 potions of haste {unknown}
 v - a potion of resistance {unknown}


   Skills:
 - Level 1.5 Fighting
 * Level 5.6 Ranged Weapons
 - Level 2.6 Dodging
 - Level 1.5 Stealth


You had 2 spell levels left.
You didn't know any spells.
Your spell library contained the following spells:

 Spells                   Type           Power      Damage    Failure   Level
 Apportation              Tloc           0%         N/A       32%         1
 Alistair's Intoxication  Tmut/Pois      0%         N/A       100%        5


Dungeon Overview and Level Annotations

Branches:
Dungeon (3/15)

Altars:
Vehumet

Shops:
D:3 =


Innate Abilities, Weirdness & Mutations

You are very small and have problems with some larger weapons.
You are too small for most types of armour.
You have supernaturally acute eyesight. (SInv)
You cover ground extremely quickly. (Speed+++)


Message History

No target in view!
Found a radiant altar of Vehumet.
No target in view!
A worm comes into view.
You shoot an arrow. The arrow hits the worm.
The worm is moderately wounded.
A worm is nearby!
You shoot an arrow.
The arrow hits the worm but does no damage.
The worm is lightly wounded.
You shoot an arrow. The arrow hits the worm.
The worm is moderately wounded.
A worm is nearby!
You shoot an arrow.
The arrow hits the worm but does no damage.
The worm is moderately wounded.
A worm is nearby!
You shoot an arrow. The arrow completely misses the worm.
You shoot an arrow. The arrow hits the worm.
The worm is moderately wounded.
You shoot an arrow. The arrow hits the worm.
The worm is severely wounded.
You shoot an arrow. The arrow hits the worm.
The worm is almost dead.
You shoot an arrow.
The arrow hits the worm but does no damage.
The worm is almost dead.
The worm misses you.
You shoot an arrow. The arrow hits the worm.
You kill the worm!
No target in view!
No target in view!
Really walk into a travel-excluded area?
Found a scroll labelled VIDEMI RAFEY.
Really walk into that cloud of flame?
You are engulfed in blazing flames.
Really walk into that cloud of flame?
You are engulfed in blazing flames.
Ouch! That really hurt!
You die...

' #####.## . #.
############......
..#.###.....#...##.###.#
......†.............)...
.........##.#....#...###
.#####....#.#....###.#
###.°...$...........#
#....○.§.#.##....####
##.#.°@..#.#..##.#
#.#.°○..#.#.<###### .
#.§.....#.##....### #
#.#######..'[.....## ..
#..#.......# #?.
#######..... #.. ###...
#. ###[. hz##..


There were no monsters in sight!

Vanquished Creatures
  2 adders (D:2)
  2 worms (D:3)
  3 dart slugs (D:1)
  2 endoplasms
  A giant cockroach (D:1)
  2 goblins (D:2)
  2 hobgoblins (D:1)
  4 kobolds
  3 quokkas
  3 ball pythons (D:1)
  6 bats
  3 frilled lizards
  5 rats
38 creatures vanquished.

Notes
Turn   | Place    | Note
-------+----------+-------------------------------------------
     0 | D:1      | gruber the Spriggan Hunter began the quest for the Orb.
     0 | D:1      | Reached XP level 1. HP: 10/10 MP: 2/2
   280 | D:1      | Reached XP level 2. HP: 14/14 MP: 3/3
   741 | D:1      | Reached skill level 5 in Ranged Weapons
   806 | D:1      | Reached XP level 3. HP: 18/18 MP: 4/4
  1505 | D:3      | Noticed a wight
  1506 | D:3      | Noticed a black bear
  1687 | D:3      | Found Dyrchesch's Jewellery Boutique.
  1734 | D:3      | Found a radiant altar of Vehumet.
  1752 | D:3      | Engulfed by a cloud of flame

Illustrated notes

Levels and vault maps discovered:
D:1:      wheals_arrival_shading, layout_basic
D:2:      layout_basic, minmay_pentomino_p4
D:3:      layout_basic, fiery_altar_vehumet, serial_shops, shop_fountains,
          ebering_ecumenical_altar_hall, minivault_11, lightli_corner_chamber

Skill      XL: |  1  2 |
---------------+-------+-----
Ranged Weapons | 5 |  5.6
Fighting       | |  1.5
Dodging        | |  2.6
Stealth        | |  1.5

Action                   || total
-------------------------++-------
 Fire: Shortbow          ||   116
Armor: Robe              ||     4
Dodge: Dodged            ||    48

Table legend: (Time is in decaauts)
 A = Elapsed time spent in this place.
 B = Non-inter-level travel time spent in this place.
 C = Inter-level travel time spent in this place.
 D = Time resting spent in this place.
 E = Time spent auto-exploring this place.
 F = Levels seen in this place.
 G = Mean time per level.
                   A        B        C        D        E       F      G
               +--------+--------+--------+--------+--------+-----+--------+
         Total |   1163 |   1076 |     87 |      0 |    853 |   3 |  387.7 |
       Dungeon |   1163 |   1076 |     87 |      0 |    853 |   3 |  387.7 |
               +--------+--------+--------+--------+--------+-----+--------+

Top non-repeatable levels by time:
     D:1: 629 daAuts
     D:2: 351 daAuts
     D:3: 181 daAuts
